 Dungeon Crawl Stone Soup version 0.31-a0-187-gba352fbbf7 (webtiles) character file.

Game seed: 2677120690298526875

3318 Hubris850 the Thaumaturge (level 9, -1/62 HPs)
             Began as a Red Draconian Ice Elementalist on June 22, 2023.
             Was an Elder of Jiyva.
             Slain by an orc knight
             ... wielding a +0 halberd
              (12 damage)
             ... in a bailey.
             The game lasted 00:17:23 (6508 turns).

Hubris850 the Thaumaturge (DrIE)                    Turns: 6508, Time: 00:17:24

Health: -1/62      AC:  9    Str:  9    XL:     9   Next: 71%
Magic:  21/21      EV: 14    Int: 23    God:    Jiyva [****..]
Gold:   178        SH:  0    Dex: 20    Spells: 18/25 levels left

rFire   + . .        t - +1 dagger (drain)
rCold   . . .        (no shield)
rNeg    . . .        (body armour unavailable)
rPois   .            (helmet restricted)
rElec   +            (no cloak)
rCorr   +            b - +0 pair of gloves
SInv    +            w - +0 pair of boots
Will    .....        (no amulet)
Stlth   ++           m - ring of see invisible
HPRegen 1.58/turn    r - +6 ring of intelligence
MPRegen 0.57/turn

%: no passive effects
@: short of breath
A: breathe fire, AC +7, unfitting armour, fire resistance 1, cold-blooded,
hooves 1, agile 2, passive freeze, electricity resistance, evolution 1
a: Breathe Fire, Renounce Religion, Oozemancy, Slimify


You were in a bailey.
You worshipped Jiyva.
Jiyva was greatly pleased with you.
You visited 1 branch of the dungeon, and saw 8 of its levels.
You also visited: Bailey.

You collected 178 gold pieces.

Inventory:

Hand Weapons
 f - a +0 dagger
 h - a +0 dagger of flaming
 s - a +1 antimagic sling
 t - a +1 dagger of draining (weapon)
 y - a +4 sling of draining
Missiles
 j - 22 poisoned darts
 v - 4 datura-tipped darts
 A - a throwing net
Armour
 b - a +0 pair of gloves (worn)
 w - a +0 pair of boots (worn)
 z - a +0 kite shield of positive energy
Jewellery
 m - a ring of see invisible (left hand)
 r - a +6 ring of intelligence (right hand)
Wands
 x - a wand of flame (20)
Scrolls
 c - 2 scrolls of enchant weapon {unknown}
 d - 2 scrolls of noise {unknown}
 g - a scroll of amnesia {unknown}
 k - 4 scrolls of revelation {unknown}
 n - 2 scrolls of silence {unknown}
 p - a scroll of torment {unknown}
 u - 4 scrolls of identify {unknown}
Potions
 a - a potion of magic
 e - 2 potions of heal wounds {unknown}
 i - 2 potions of invisibility {unknown}
 l - 2 potions of curing
 o - a potion of haste {unknown}
 q - a potion of enlightenment {unknown}


   Skills:
 - Level 4.0 Dodging
 - Level 2.0 Stealth
 + Level 8.8 Spellcasting
 + Level 8.6 Ice Magic


You had 18 spell levels left.
You knew the following spells:

 Your Spells              Type           Power      Damage    Failure   Level
a - Freeze                Ice            100%       1d10      1%          1
b - Frozen Ramparts       Ice            98%        1d15      1%          3
c - Ozocubu's Armour      Ice            49%        N/A       1%          3

Your spell library contained the following spells:

 Spells                   Type           Power      Damage    Failure   Level
 Hailstorm                Conj/Ice       29%        3d8       3%          3
 Kiss of Death            Conj/Necr      40%        2d8       6%          1
 Summon Ice Beast         Ice/Summ       29%        N/A       11%         4
 Confusing Touch          Hex            10%        N/A       19%         3
 Dispel Undead            Necr           10%        3d9       54%         4


Dungeon Overview and Level Annotations

Branches:
Dungeon (8/15)             Temple (0/1) D:5          Bailey (1/1)
   Lair: D:8-11

Altars:
Elyvilon
Fedhas
Gozag
Hepliaklqana
Ru
Uskayaw
Jiyva

Shops:
D:4 (((?   D:5 *


Innate Abilities, Weirdness & Mutations

You can breathe blasts of fire.
Your fiery red scales are hard. (AC +7)
You cannot fit into any form of body armour.
Your flesh is heat resistant. (rF+)
You are cold-blooded and may be slowed by cold attacks.
You have large cloven feet.
You are very agile. (Dex +8, Str/Int -2)
A frigid envelope surrounds you and freezes all who hurt you.
You are resistant to electric shocks. (rElec)
You have hidden genetic potential.


Message History

Jiyva gurgles merrily.
You hear a distant slurping noise. x3
You hear a slurping noise.
You hear a distant slurping noise.
You hear a slurping noise.
You hear a distant slurping noise.
You hear a slurping noise.
The jelly splits in two!
You hear a slurping noise. x4
The jelly splits in two!
You hear a distant slurping noise.
You hear a slurping noise. x2
An orc knight is nearby!
Unknown command.
Unknown command.
You swap places.
There is a broken door here.
The orc knight hits you from afar with a +0 halberd!!
The orc knight hits you from afar with a +0 halberd!!
* * * LOW HITPOINT WARNING * * *
The orc knight misses you.
The orc knight hits you from afar with a +0 halberd!
* * * LOW HITPOINT WARNING * * *
The orc knight hits you but does no damage.
You open the door.
The orc knight hits you from afar with a +0 halberd!!
* * * LOW HITPOINT WARNING * * *
An orc warrior comes into view. It is wielding a +0 trident.
The orc knight roars a battlecry!
The orc warrior goes into a battle-frenzy!
The orc warrior shouts!
There is an open door here.
You hear a distant slurping noise.
You hear a squelching noise.
Aiming: Breathe Fire (4% risk of failure)
Press: ? - help, Shift-Dir - straight line, f - orc warrior
Aim: an orc warrior, wielding a +0 trident and wearing a +0 chain mail (strong, 64% to hit)
You breathe a blast of fire.
The fiery breath misses the orc warrior.
The orc knight hits you from afar with a +0 halberd!
You die...

#.)).........## ##..).
#.~.#############+########
#.~.##.$$$.##.........##..
#.~..##.$.##§§§≈≈.≈≈≈..#'.
#.~~..##.##..§§.....≈≈..##
#∩.~~..#+#..≈§§..⌠...≈≈..#
##.~~..#+#.§....⌠∩⌠.....J#
#.~~..##.#'o.≈§§....≈≈§.#
#.~.)##o.@##..≈≈≈≈≈≈≈..#
#.~.##.....##.........#
#.~.#############+###'####
#.~...)..)..)##.....##....
#.~~~~)~~)~~..##.∩.##..~~~
#..........~~..## ##..~~..
##########..~~..###..~~..#
##..~~.....~~..##
##..~~~~~~~..##


You could see an orc knight and an orc warrior (strong).

Vanquished Creatures
  A two-headed ogre (D:8)
  An orc knight (Bailey)
  Joseph (D:7)
  Sigmund (D:5)
  A water moccasin (D:5)
  Duvessa (D:7)
  A black bear (D:8)
  5 orc warriors
  An ogre (D:5)
  A centaur (D:5)
  A kobold brigand (D:8)
  A bullfrog (D:8)
  A gnoll sergeant (D:8)
  A scorpion (D:4)
  4 wights (D:6)
  Dowan (D:7)
  A howler monkey (D:4)
  2 hounds (D:5)
  2 orc priests
  A gnoll bouda (D:6)
  Jessica (D:2)
  An iguana (D:5)
  2 orc wizards
  8 gnolls
  5 adders
  A shadow imp (D:7)
  2 white imps
  An ufetubus (D:4)
  3 worms
  4 dart slugs
  30 orcs
  3 ball pythons
  4 bats
  3 endoplasms
  A giant cockroach (D:3)
  8 goblins
  2 hobgoblins
  3 quokkas
  4 frilled lizards
  12 kobolds
  4 rats
131 creatures vanquished.

Vanquished Creatures (others)
  A steam dragon (D:6)
  A water moccasin (D:8)
  A centaur (D:7)
  A bullfrog (D:7)
  2 scorpions
  A howler monkey (D:7)
  12 jellies
  An orc wizard (D:8)
  An iguana (D:6)
  4 adders
  A shadow imp (D:7)
  An ufetubus (D:5)
  2 worms (D:4)
  An orc (D:8)
  3 endoplasms (D:4)
  A giant cockroach (D:4)
  A goblin (D:8)
  A kobold (D:4)
36 creatures vanquished.

Grand Total: 167 creatures vanquished

Notes
Turn   | Place    | Note
-------+----------+-------------------------------------------
     0 | D:1      | Hubris850 the Draconian Ice Elementalist began the quest
                  | for the Orb.
     0 | D:1      | Reached XP level 1. HP: 14/14 MP: 3/3
   893 | D:2      | Reached XP level 2. HP: 20/20 MP: 5/5
  1060 | D:2      | Noticed Jessica
  1067 | D:2      | Killed Jessica
  1068 | D:2      | Reached XP level 3. HP: 22/26 MP: 2/6
  1123 | D:2      | Learned a level 3 spell: Frozen Ramparts
  1127 | D:2      | Learned a level 3 spell: Ozocubu's Armour
  1260 | D:2      | Found a hide-covered altar of Uskayaw.
  1831 | D:3      | Reached XP level 4. HP: 22/33 MP: 1/8
  2048 | D:3      | Found a white marble altar of Elyvilon.
  2257 | D:3      | Found a faded altar of an unknown god.
  2329 | D:3      | Prayed at the altar of an unknown god.
  2329 | D:3      | Became a worshipper of Jiyva Jush the Shapeless
  2329 | D:3      | Reached * piety under Jiyva
  2525 | D:3      | Reached XP level 5. HP: 21/38 MP: 6/9
  2745 | D:3      | Found a blossoming altar of Fedhas.
  2824 | D:4      | Found Qeoklegh's Weapon Boutique.
  2846 | D:4      | Reached ** piety under Jiyva
  2879 | D:4      | Reached skill level 5 in Ice Magic
  2962 | D:4      | Found Qiuxzec's Antique Weapon Emporium.
  3021 | D:4      | Found Puisitav's Antique Weapon Boutique.
  3059 | D:4      | Reached XP level 6. HP: 45/45 MP: 9/11
  3383 | D:4      | Found Cofad's Magic Scroll Shop.
  3464 | D:5      | Entered Level 5 of the Dungeon
  3474 | D:5      | Found Imuereops's Mayhem Merchandise.
  3601 | D:5      | Noticed a water moccasin
  3608 | D:5      | Killed a water moccasin
  3609 | D:5      | Your scales start taking on a fiery red colour.
  3609 | D:5      | Reduced skill Ice Magic to level 5
  3609 | D:5      | Reached XP level 7. HP: 50/50 MP: 8/13
  3609 | D:5      | Gained mutation: Your flesh is heat resistant. (rF+) [Red
                  | Draconian growth]
  3707 | D:5      | Noticed Sigmund
  3714 | D:5      | Killed Sigmund
  3715 | D:5      | Reached skill level 5 in Spellcasting
  3726 | D:5      | Found a hazy altar of Hepliaklqana.
  3754 | D:5      | Reached *** piety under Jiyva
  3793 | D:5      | Found a staircase to the Ecumenical Temple.
  4090 | D:6      | Gained mutation: You are covered in slimy tendrils that may
                  | disarm your opponents. [Jiyva's grace]
  4090 | D:6      | Gained mutation: You have hidden genetic potential.
                  | [Jiyva's grace]
  4090 | D:6      | Gained mutation: You have great hidden genetic potential.
                  | [Jiyva's grace]
  4090 | D:6      | Gained mutation: Your body has grown eyes which may confuse
                  | attackers. (Acc +3) [Jiyva's grace]
  4165 | D:6      | Reached XP level 8. HP: 43/50 MP: 16/16
  5237 | D:7      | Noticed Duvessa
  5237 | D:7      | Noticed Dowan
  5254 | D:7      | Killed Dowan
  5256 | D:7      | Killed Duvessa
  5478 | D:7      | Noticed Joseph
  5487 | D:7      | Killed Joseph
  5490 | D:7      | Gained mutation: You have a beak for a mouth. [hidden
                  | potential]
  5529 | D:8      | Reached **** piety under Jiyva
  5824 | D:8      | Found a sacrificial altar of Ru.
  5923 | D:8      | Noticed a two-headed ogre
  5938 | D:8      | Killed a two-headed ogre
  5939 | D:8      | Reached XP level 9. HP: 41/62 MP: 16/20
  6149 | D:8      | Found an opulent altar of Gozag.
  6164 | D:8      | Lost mutation: You have a beak for a mouth. [Jiyva's grace]
  6164 | D:8      | Lost mutation: Your body has grown eyes which may confuse
                  | attackers. (Acc +3) [Jiyva's grace]
  6164 | D:8      | Lost mutation: You are covered in slimy tendrils that may
                  | disarm your opponents. [Jiyva's grace]
  6164 | D:8      | Gained mutation: A frigid envelope surrounds you and
                  | freezes all who hurt you. [Jiyva's grace]
  6164 | D:8      | Gained mutation: You are agile. (Dex +4, Str/Int -1)
                  | [Jiyva's grace]
  6164 | D:8      | Gained mutation: You are very agile. (Dex +8, Str/Int -2)
                  | [Jiyva's grace]
  6164 | D:8      | Gained mutation: You have large cloven feet. [Jiyva's
                  | grace]
  6166 | D:8      | Found a flagged portal.
  6176 | D:8      | Gained mutation: You are resistant to electric shocks.
                  | (rElec) [hidden potential]
  6176 | D:8      | Lost mutation: You have great hidden genetic potential.
                  | [hidden potential expressed]
  6179 | Bailey   | Entered a bailey
  6334 | Bailey   | Noticed an orc knight
  6335 | Bailey   | Noticed an orc knight
  6390 | Bailey   | Killed an orc knight
  6508 | Bailey   | Slain by an orc knight

Illustrated notes

Levels and vault maps discovered:
D:1:      dpeg_arrival_rooms_c, layout_basic
D:2:      layout_loops_corners, basic_altar, uniq_jessica
D:3:      minmay_spotlight, layout_loops_ring, elyvilon_altar_3, fedhas_altar_4,
          nicolae_ecumenical_oubliette, st_stairs_5, mrwooster_statue_mirror,
          dk_noncrumbling_3
D:4:      layout_basic, serial_shops, nicolae_shop_stone, nicolae_stop_n_shop_1,
          nicolae_shop_getting_attention, serial_rivers,
          chequers_serial_rivers_micro_c, chequers_serial_rivers_micro_d,
          chequers_serial_rivers_micro_a, chequers_serial_rivers_micro_c,
          chequers_serial_rivers_large_a, chequers_serial_rivers_small_a,
          st_stairs_11, nicolae_stop_n_shop_2
D:5:      wander_river, layout_rooms, nicolae_overflow_crystal_walls,
          minmay_temple_entry_waves, minmay_shop_mayhem, uniq_sigmund
D:6:      layout_basic
D:7:      layout_cave_pools, minivault_11, kennysheep_generic_room_10,
          uniq_joseph, uniq_duvessa
D:8:      layout_loops_corners, lemuel_coloured_pillars_altar,
          general_overflow_altar, enter_bailey_5
Bailey:   bailey_polearm_1, bailey

Skill      XL: |  1  2  3  4  5  6  7  8  9 |
---------------+----------------------------+-----
Stealth        | 2 |  2.0
Dodging        | 2 3 4 |  4.0
Spellcasting   | 3 4 5 7 8 |  8.8
Ice Magic      | 5 5 7 8 |  8.6

Action                     |  1- 3 |  4- 6 |  7- 9 || total
---------------------------+-------+-------+-------++-------
  Melee: Dagger            |    53 |   122 |   208 ||   383
         Unarmed           |     1 |       |       ||     1
         Tailslap          |    13 |    18 |    37 ||    68
         Punch             |       |     1 |     3 ||     4
         Peck              |       |       |     8 ||     8
   Cast: Freeze            |    22 |    18 |     1 ||    41
         Frozen Ramparts   |       |     6 |     9 ||    15
         Ozocubu's Armour  |       |     1 |     2 ||     3
 Invoke: Oozemancy         |       |       |     1 ||     1
Ability: Breathe Fire      |       |       |    10 ||    10
    Use: Potion            |       |       |     1 ||     1
   Stab: Sleeping          |     2 |     4 |       ||     6
 Armour: Skin              |    18 |    53 |    80 ||   151
  Dodge: Dodged            |    39 |   105 |   206 ||   350

Table legend: (Time is in decaauts)
 A = Elapsed time spent in this place.
 B = Non-inter-level travel time spent in this place.
 C = Inter-level travel time spent in this place.
 D = Time resting spent in this place.
 E = Time spent auto-exploring this place.
 F = Levels seen in this place.
 G = Mean time per level.
                   A        B        C        D        E       F      G
               +--------+--------+--------+--------+--------+-----+--------+
         Total |   6553 |   6307 |    246 |    207 |   4710 |   9 |  728.1 |
       Dungeon |   6206 |   5960 |    246 |    120 |   4710 |   8 |  775.8 |
        Bailey |    347 |    347 |      0 |     87 |      0 |   1 |  347.0 |
               +--------+--------+--------+--------+--------+-----+--------+

Top non-repeatable levels by time:
     D:3: 1010 daAuts
     D:2: 987 daAuts
     D:6: 966 daAuts
     D:1: 826 daAuts
     D:8: 655 daAuts
     D:4: 648 daAuts
     D:5: 611 daAuts
     D:7: 499 daAuts
  Bailey: 347 daAuts
